 Dungeon Crawl Stone Soup version 0.27-a0-1281-ge233d83751 (webtiles) character file.

Game seed: 10997523745156601165

295600 polve the Slayer (level 20, -2/144 HPs)
             Began as a Tengu Berserker on June 13, 2021.
             Was the Champion of Trog.
             Killed from afar by a deep elf zephyrmancer (23 damage)
             ... with a bolt of lightning
             ... led by a deep elf high priest
             ... on level 2 of the Elven Halls.
             The game lasted 01:09:06 (35929 turns).

polve the Slayer (Tengu Berserker)                 Turns: 35929, Time: 01:09:07

Health: -2/144     AC: 22    Str: 30    XL:     20   Next: 88%
Magic:  21/21      EV: 26    Int:  8    God:    Trog [******]
Gold:   2698       SH: 16    Dex: 22    Spells: 19/19 levels left

rFire    + . .     SeeInvis .   a - +9 demon trident (elec)
rCold    + . .     Faith    .   y - +0 kite shield {reflect}
rNeg     . . .     Spirit   .   O - +2 plate armour {rPois}
rPois    +         Reflect  +   (helmet restricted)
rElec    .         Harm     .   j - scarf {rC+ rF+}
rCorr    .         Rampage  .   L - +2 pair of gloves
Will     +....                  (boots unavailable)
Stlth    ..........             p - amulet of regeneration
HPRegen  1.34/turn              n - +6 ring of strength
MPRegen  0.17/turn              h - +6 ring of dexterity

@: on berserk cooldown, flying quickly and evasively, slowed, very slow
A: beak, talons 3, nimble flight
}: 2/15 runes: decaying, gossamer
a: Renounce Religion, Berserk, Trog's Hand, Brothers in Arms


You were on level 2 of the Elven Halls.
You worshipped Trog.
Trog was exalted by your worship.
You visited 8 branches of the dungeon, and saw 35 of its levels.
You also visited: Volcano.

You collected 3825 gold pieces.
You spent 1127 gold pieces at shops.

Inventory:

Hand Weapons
 a - a +9 demon trident of electrocution (weapon)
 b - a +5 antimagic glaive
 u - a +1 demon trident of venom
 w - a +4 bardiche of flaming
Missiles
 G - 7 curare-tipped darts
 P - 2 throwing nets
 X - 3 atropa-tipped darts
Armour
 f - a +2 plate armour of willpower
 j - a scarf of resistance (worn)
 y - a +0 kite shield of reflection (worn)
 L - a +2 pair of gloves (worn)
 O - a +2 plate armour of poison resistance (worn)
Jewellery
 h - a +6 ring of dexterity (right hand)
 n - a +6 ring of strength (left hand)
 o - a ring of protection from fire
 p - an amulet of regeneration (around neck)
 s - a ring of see invisible
 C - a ring of willpower
 R - a ring of willpower
 U - a ring of poison resistance
 W - a ring of positive energy
Wands
 d - a wand of polymorph (19)
 x - a wand of paralysis (18)
 H - a wand of flame (93)
 J - a wand of digging (14)
 K - a wand of iceblast (36)
 Q - a wand of acid (18)
 Z - a wand of mindburst (21)
Scrolls
 e - 3 scrolls of summoning
 g - 5 scrolls of identify
 k - 4 scrolls of enchant armour
 m - 16 scrolls of teleportation
 r - a scroll of brand weapon
 t - a scroll of silence
 v - 8 scrolls of vulnerability
 A - 8 scrolls of magic mapping
 M - a scroll of holy word
 N - 4 scrolls of fog {unknown}
Potions
 c - a potion of invisibility
 i - a potion of experience {unknown}
 l - 7 potions of curing
 q - 9 potions of ambrosia
 z - 3 potions of attraction
 B - 11 potions of heal wounds
 D - a potion of magic
 E - a potion of berserk rage
 F - 7 potions of mutation
 I - 4 potions of cancellation
 S - 6 potions of might
 T - a potion of flight {unknown}
 V - 4 potions of resistance
 Y - 9 potions of haste


   Skills:
 + Level 21.2 Fighting
 - Level 16.0 Polearms
 - Level 15.0 Armour
 - Level 20.0 Dodging
 - Level 15.0 Shields


You had 19 spell levels left.
You didn't know any spells.
Your spell library was empty.

Dungeon Overview and Level Annotations

Branches:
Dungeon (15/15)            Temple (0/1) D:7            Lair (6/6) D:8
  Swamp (4/4) Lair:3       Spider (4/4) Lair:2        Slime (0/5) Lair:5
    Orc (2/2) D:10            Elf (2/3) Orc:2        Vaults (1/5) D:13
 Depths (1/5) D:15        Volcano (visited)

Altars:
Ashenzari
Cheibriados
Elyvilon
Nemelex Xobeh
Qazlal
Ru
Sif Muna
Uskayaw
Vehumet
Wu Jian
Xom
Zin
The Shining One
Beogh

Shops:
D:1 ?   D:3 (   D:11 ([(*   Orc:2 ?*[(   Elf:1 !*


Innate Abilities, Weirdness & Mutations

You have a beak for a mouth.
You have claws for feet.
Your magical nature lets you fly swiftly and evasively.


Message History

The water elemental closely misses you.
You block the deep elf high priest's attack.
The deep elf annihilator gestures at you while chanting.
The iron shot misses you.
The deep elf zephyrmancer completely misses you.
You block something's attack. You block the air elemental's attack.
The air elemental hits you but does no damage.
The air elemental hits you.
* * * LOW HITPOINT WARNING * * *
The deep elf pyromancer gestures wildly while chanting.
You hear some strange, mumbled words.
A lance of force appears from out of thin air!
The lance of force misses you.
The lance of force hits the water elemental!!
The water elemental is knocked back by the lance of force.
The water elemental collides with the deep elf archer!
The deep elf zephyrmancer gestures wildly while chanting.
The deep elf zephyrmancer blinks!
The deep elf high priest hits you but does no damage.
The deep elf annihilator mumbles some strange words.
The deep elf annihilator blinks!
You block the air elemental's attack.
You block the deep elf zephyrmancer's attack.
The deep elf pyromancer mumbles some strange words.
The deep elf pyromancer blinks!
You block the water elemental's attack. Something hits you!
* * * LOW HITPOINT WARNING * * *
The deep elf archer blinks!
The deep elf zephyrmancer gestures wildly while chanting.
The deep elf zephyrmancer blinks!
The deep elf high priest completely misses you.
The air elemental misses you. You block the air elemental's attack.
You hear some strange, mumbled words.
A lance of force appears from out of thin air!
The lance of force misses you.
The lance of force hits the water elemental!!
The water elemental is destroyed!
You block the air elemental's attack.
The deep elf zephyrmancer points at you and mumbles some strange words.
The bolt of lightning hits you!!
You die...

,*,,,*,**********
,**,**,*,,,,,,..##
,**,**,*,,,,,,...# *** *****
,*,,,*,***#,**#..#**,*** *,,,,
,*8∩8*,*,##.###..#,,*,,### **,,,,
,*****,*,#.#......*****..# *,....
,,,,,,,*,e##.....#* *#>###,....
**,,,***,<..○°.{e# #...,,....
,**,,,,**.e.E.E§@## ##.#**,...#
,,,,,,,,,.?.e..eE.#####..# *,..>#
*,,,,,***.......E#§.#..######...#
*,,,,** *.....e.##..........)...#
*,**,** *##.....$...e..#####)#..#
,**,,,* #...####.###.# #.).)..#
,,,,,,* #.(.* #.#...# #.#[#..#
,,,,,,****#..§* #.#.#.# #.#(#..#
,,,,,,,,,,.§,,***#(#...###.#.####


You could see 2 deep elf archers, a deep elf high priest (brilliance aura), 3
deep elf zephyrmancers, 2 fire elementals and an air elemental.

Vanquished Creatures
  Mara (Spider:4)
  Bai Suzhen (Spider:2)
  Arachne (Spider:4)
  Nikola (Spider:1)
  2 tentacled monstrosities
  Jorgrun (Spider:3)
  Donald (Spider:1)
  Kirke (Elf:1)
  6 fenstrider witches
  A fire giant (Depths:1)
  3 ghost moths (Spider:4)
  A frost giant (Depths:1)
  5 vault wardens (Vaults:1)
  An orc warlord (Vaults:1)
  Louise (Spider:1)
  2 deep elf sorcerers
  3 ironbound preservers (Vaults:1)
  6 emperor scorpions
  4 ghouls
  A reaper (Swamp:4)
  A war gargoyle (Vaults:1)
  2 stone giants
  3 very ugly things (Depths:1)
  A deep elf demonologist (Elf:2)
  3 bunyips
  A deep elf annihilator (Elf:1)
  4 entropy weavers
  A spark wasp (Spider:4)
  A green death (Swamp:4)
  2 eleionomae
  A crystal guardian (Vaults:1)
  2 yaktaur captains (Vaults:1)
  A great orb of eyes (Depths:1)
  3 shambling mangroves
  5 vault guards
  7 boulder beetles
  A peacekeeper (Vaults:1)
  2 catoblepae
  A spriggan air mage (Swamp:4)
  3 ogre magi (Swamp:4)
  9 hydras
  8 two-headed ogres
  7 death scarabs (Spider:4)
  A ghost crab (Swamp:4)
  5 alligators
  9 dancing weapons
  5 centaur warriors
  3 tengu warriors
  15 death yaks
  An ironbound beastmaster (Vaults:1)
  2 spriggan berserkers (Swamp:4)
  Urug (D:13)
  A soul eater (Swamp:4)
  2 orc high priests (Orc:2)
  11 spriggans
  8 deep elf knights
  A fire crab (Lair:4)
  A spectral emperor scorpion (Spider:4)
  3 sixfirhies (Swamp:4)
  7 spriggan druids
  2 skeletal warriors (Volcano)
  8 goliath frogs
  10 deep trolls (Vaults:1)
  2 swamp dragons (Swamp:4)
  A death drake (Swamp:3)
  9 bog bodies
  4 wizards
  A spectral wolf spider (Spider:4)
  A necromancer (Swamp:1)
  12 deep elf archers
  16 deep elf zephyrmancers
  3 wolf spider zombies (Spider:4)
  3 orc knights
  3 ironbound convokers (Vaults:1)
  22 orb spiders
  An orb spider (shapeshifter) (Elf:1)
  19 deep elf pyromancers
  A harpy (shapeshifter) (D:15)
  27 wolf spiders
  A manticore (shapeshifter) (D:7)
  3 lindwurms (Vaults:1)
  5 will-o-the-wisps
  6 ugly things
  2 moths of wrath (Spider:4)
  4 manticores
  2 cyclopes
  6 orc sorcerers
  11 black mambas
  A guardian serpent (Lair:6)
  2 vault sentinels (Vaults:1)
  A torpor snail (Spider:4)
  3 gargoyles (Volcano)
  2 orange demons (Swamp:4)
  Joseph (D:8)
  21 cane toads
  15 komodo dragons
  3 rime drakes
  An unseen horror (D:10)
  4 spectral redbacks (Spider:4)
  An efreet (D:13)
  A yaktaur (shapeshifter) (D:14)
  A hellwing (Swamp:4)
  16 yaktaurs (Vaults:1)
  11 demonic crawlers
  A tengu conjurer (D:12)
  10 trolls
  29 jumping spiders
  26 hornets
  2 spectral tarantellas (Spider:4)
  7 tyrant leeches
  A wind drake (shapeshifter) (D:15)
  12 polar bears
  16 blink frogs
  A harpy skeleton (Volcano)
  Grinder (D:6)
  2 spectral jumping spiders (Spider:4)
  A meliai zombie (D:11)
  5 raiju (Lair:6)
  13 slime creatures
  A jumping spider zombie (Spider:4)
  A tarantella zombie (Spider:4)
  4 dream sheep (Lair:4)
  66 redbacks
  3 flying skulls (Volcano)
  A vampire (D:13)
  2 shadows
  An alligator skeleton (Volcano)
  48 tarantellas
  31 yaks
  2 water elementals (Elf:1)
  3 wraiths (D:12)
  2 fire elementals
  13 wyverns
  2 hogs (Elf:1)
  10 humans (D:13)
  A chaos spawn (Swamp:4)
  4 basilisks
  11 vampire mosquitoes
  13 swamp worms
  9 wargs
  31 water moccasins
  An acid dragon (D:10)
  3 spectral hornets (Spider:4)
  A floating eye (shapeshifter) (Elf:1)
  12 hell hounds (Lair:6)
  3 hornet zombies (Spider:4)
  5 swamp drakes
  An ice beast (D:5)
  29 orc warriors
  A sky beast (D:7)
  12 black bears
  A necrophage (D:6)
  3 boggarts (D:15)
  53 wolves
  8 ogres
  14 centaurs
  2 phantoms
  A kobold brigand (D:7)
  12 bullfrogs
  3 wyvern zombies
  2 earth elementals (Elf:1)
  A water moccasin skeleton (D:5)
  A troll skeleton (Volcano)
  6 wights
  4 howler monkeys
  A spriggan skeleton (Volcano)
  A bullfrog zombie (D:6)
  6 electric eels
  6 centaur zombies
  3 jellies
  2 centaur skeletons (D:7)
  A hound (D:6)
  16 orc priests
  A gnoll shaman (D:7)
  3 iguanas
  29 orc wizards
  5 hell rats (Lair:5)
  A statue (D:13)
  A killer bee zombie (D:7)
  A naga skeleton (Volcano)
  A hound skeleton (D:4)
  8 gnolls
  A howler monkey skeleton (D:4)
  2 howler monkey zombies
  5 adders
  A white imp (D:8)
  An ufetubus (D:4)
  2 worms
  3 dart slugs
  101 orcs
  A ball python (D:3)
  5 bats
  5 endoplasms
  6 giant cockroaches
  5 goblins
  9 hobgoblins
  13 jackals
  11 kobolds
  3 quokkas
  2 frilled lizards (D:2)
  2 rats
1286 creatures vanquished.

Vanquished Creatures (collateral kills)
  Saint Roka (Orc:1)
  A boulder beetle (Spider:1)
2 creatures vanquished.

Vanquished Creatures (others)
  A spriggan druid (Swamp:3)
  2 bloated husks (Swamp:3)
  A water elemental (Elf:2)
  A human (Elf:1)
  28 foxfires
  31 fungi
  84 plants
148 creatures vanquished.

Grand Total: 1436 creatures vanquished

Notes
Turn   | Place    | Note
-------+----------+-------------------------------------------
     0 | D:1      | polve the Tengu Berserker began the quest for the Orb.
     0 | D:1      | Reached XP level 1. HP: 14/14 MP: 2/2
   255 | D:1      | Reached XP level 2. HP: 13/19 MP: 3/3
   473 | D:1      | Found a faded altar of an unknown god.
   561 | D:1      | Found Tivad's Magic Scroll Boutique.
   878 | D:2      | Identified the Reference Book on Creative Heat
   960 | D:2      | Reached XP level 3. HP: 23/23 MP: 4/4
  1137 | D:2      | Reached ** piety under Trog
  1296 | D:2      | Reached skill level 5 in Polearms
  1523 | D:2      | Reached XP level 4. HP: 26/28 MP: 5/5
  1751 | D:3      | Found a snail-covered altar of Cheibriados.
  1836 | D:3      | Found a faded altar of an unknown god.
  1836 | D:3      | Found a faded altar of an unknown god.
  1845 | D:3      | Found an ornate altar of the Wu Jian Council.
  1847 | D:3      | Found a shimmering altar of Xom.
  1849 | D:3      | Found a sparkling altar of Nemelex Xobeh.
  2034 | D:3      | Found Ehaper's Weapon Boutique.
  2435 | D:3      | Noticed a water moccasin
  2439 | D:3      | Killed a water moccasin
  2440 | D:3      | Gained mutation: Your magical nature lets you fly swiftly
                  | and evasively. [Tengu growth]
  2440 | D:3      | Reached XP level 5. HP: 32/32 MP: 6/6
  2729 | D:3      | Found a hide-covered altar of Uskayaw.
  2803 | D:3      | Found a shimmering blue altar of Sif Muna.
  2902 | D:3      | Reached XP level 6. HP: 37/37 MP: 7/7
  3528 | D:4      | Reached *** piety under Trog
  3845 | D:4      | Found a stormy altar of Qazlal.
  3932 | D:5      | Entered Level 5 of the Dungeon
  4029 | D:5      | Reached XP level 7. HP: 20/42 MP: 8/8
  4286 | D:5      | Reached skill level 4 in Fighting
  4402 | D:5      | Found a radiant altar of Vehumet.
  4427 | D:5      | Reached skill level 5 in Fighting
  4497 | D:5      | Noticed a yak
  4497 | D:5      | Noticed a yak
  4499 | D:5      | Noticed a yak
  4568 | D:5      | Killed a yak
  4569 | D:5      | Reached skill level 6 in Fighting
  4569 | D:5      | Reached XP level 8. HP: 52/52 MP: 9/9
  4841 | D:6      | Reached skill level 7 in Fighting
  4882 | D:6      | Noticed Grinder
  4991 | D:6      | Reached skill level 8 in Fighting
  5027 | D:6      | Found a sacrificial altar of Ru.
  5475 | D:6      | Killed Grinder
  5591 | D:6      | Found a sacrificial altar of Ru.
  5832 | D:7      | Reached XP level 9. HP: 55/59 MP: 10/10
  5881 | D:7      | Reached skill level 5 in Armour
  5881 | D:7      | Reached skill level 5 in Dodging
  5916 | D:7      | Noticed a manticore
  5948 | D:7      | Killed a manticore
  6274 | D:7      | Reached **** piety under Trog
  6481 | D:7      | Found a staircase to the Ecumenical Temple.
  6532 | D:7      | Reached XP level 10. HP: 57/64 MP: 11/11
  6540 | D:7      | Identified the +7 rapier of Irusti {flame, rF+ rN+ Stlth+}
  7057 | D:8      | Noticed Joseph
  7071 | D:8      | Killed Joseph
  7115 | D:8      | Found a broken altar of Ashenzari.
  7522 | D:8      | Found a staircase to the Lair.
  7782 | D:9      | Reached ***** piety under Trog
  7965 | D:9      | Found a white marble altar of Elyvilon.
  7965 | D:9      | Found a glowing silver altar of Zin.
  7965 | D:9      | Found a glowing golden altar of the Shining One.
  8346 | D:10     | Entered Level 10 of the Dungeon
  8419 | D:10     | Noticed a two-headed ogre
  8432 | D:10     | Killed a two-headed ogre
  8433 | D:10     | Reached skill level 10 in Polearms
  8672 | D:10     | Found a staircase to the Orcish Mines.
  8723 | D:10     | Identified the +6 leather armour of Parts Unknown {Will+}
  8937 | D:10     | Noticed an unseen horror
  8942 | D:10     | Killed an unseen horror
  9751 | D:11     | Reached XP level 11. HP: 55/69 MP: 12/12
  9805 | D:11     | Noticed a two-headed ogre
  9811 | D:11     | Killed a two-headed ogre
  9812 | D:11     | Reached skill level 9 in Fighting
  9952 | D:11     | Noticed a boulder beetle
  9974 | D:11     | Killed a boulder beetle
 10054 | D:11     | Found Lokuh's Antique Weapon Emporium.
 10228 | D:11     | Found Jiriuj's Weapon Shop.
 10233 | D:11     | Found Ruic Wez's Armour Emporium.
 10241 | D:11     | Bought a +2 plate armour of poison resistance for 555 gold
                  | pieces
 10377 | D:11     | Found Suthouco's Assorted Antiques.
 10608 | D:12     | Noticed a deep elf pyromancer
 10612 | D:12     | Killed a deep elf pyromancer
 10728 | D:12     | Noticed a boulder beetle
 10745 | D:12     | Killed a boulder beetle
 10794 | D:12     | Noticed a boulder beetle
 10812 | D:12     | Killed a boulder beetle
 10819 | D:12     | Reached skill level 10 in Armour
 10941 | D:12     | Noticed a tengu warrior
 10978 | D:12     | Killed a tengu warrior
 10984 | D:12     | Reached XP level 12. HP: 62/77 MP: 13/13
 11584 | Lair:1   | Entered Level 1 of the Lair of Beasts
 11672 | Lair:1   | Received a gift from Trog
 11854 | Lair:1   | Identified the +0 scale mail "Recaix" {Harm Rampage *Slow
                  | Int+4}
 12216 | Lair:1   | You are sucked into a shaft and drop 1 floor!
 12355 | Lair:2   | Found a dark tunnel.
 12360 | Volcano  | Entered a volcano
 12935 | Lair:2   | Noticed a four-headed hydra
 12942 | Lair:2   | Killed a one-headed hydra
 12943 | Lair:2   | Reached skill level 15 in Armour
 12943 | Lair:2   | Reached XP level 13. HP: 82/82 MP: 14/14
 12999 | Lair:2   | Reached skill level 10 in Fighting
 13096 | Lair:2   | Found a hole to the Spider Nest.
 14236 | Lair:3   | Received a gift from Trog
 14381 | Lair:3   | Reached skill level 11 in Fighting
 14567 | Lair:3   | Found a staircase to the Swamp.
 14843 | Lair:4   | You are sucked into a shaft and drop 1 floor!
 15234 | Lair:4   | Reached skill level 12 in Fighting
 15760 | Lair:5   | Reached XP level 14. HP: 92/92 MP: 15/15
 15798 | Lair:4   | Received a gift from Trog
 16139 | Lair:5   | Found a staircase to the Slime Pits.
 16494 | Lair:5   | Reached skill level 10 in Dodging
 16610 | Lair:6   | Entered Level 6 of the Lair of Beasts
 17256 | D:1      | Bought a scroll of acquirement for 572 gold pieces
 17256 | D:1      | Acquired a +1 demon trident of electrocution
 17751 | Lair:6   | Received a gift from Trog
 17786 | Lair:6   | Identified the +8 chain mail of Xocweef {Str+4 SInv}
 17907 | Lair:6   | Reached XP level 15. HP: 83/96 MP: 16/16
 18102 | Lair:6   | Reached skill level 15 in Dodging
 18562 | Lair:6   | Reached ****** piety under Trog
 18948 | Orc:1    | Entered Level 1 of the Orcish Mines
 18967 | Orc:1    | Received a gift from Trog
 19041 | Orc:1    | Reached skill level 15 in Polearms
 19321 | Orc:2    | Entered Level 2 of the Orcish Mines
 19329 | Orc:2    | Found a staircase to the Elven Halls.
 19430 | Orc:2    | Reached skill level 13 in Fighting
 19681 | Orc:2    | Received a gift from Trog
 19692 | Orc:2    | Noticed Saint Roka
 19833 | Orc:1    | Killed Saint Roka
 19911 | Orc:2    | Found Dyqaunuo's Assorted Antiques.
 20196 | Orc:2    | Received a gift from Trog
 20280 | Orc:2    | Found Banobin's Antique Armour Shop.
 20282 | Orc:2    | Found Voothrarph's Antique Weapon Boutique.
 20614 | Orc:2    | Found Xuduajaj's Magic Scroll Emporium.
 21343 | D:13     | Reached XP level 16. HP: 105/105 MP: 17/17
 21706 | D:13     | Reached skill level 14 in Fighting
 21724 | D:13     | Found a gate to the Vaults.
 21740 | D:13     | Identified the +0 plate armour of the Bouncing Suns {Dex+5}
 22025 | D:13     | Found a radiant altar of Vehumet.
 22034 | D:13     | Received a gift from Trog
 22056 | D:13     | Noticed Urug
 22069 | D:13     | Killed Urug
 23000 | D:15     | Entered Level 15 of the Dungeon
 23014 | D:15     | Found a staircase to the Depths.
 23119 | D:15     | Reached skill level 15 in Fighting
 23170 | D:15     | Found a glowing silver altar of Zin.
 23656 | Depths:1 | Entered Level 1 of the Depths
 24200 | Spider:1 | Entered Level 1 of the Spider Nest
 24203 | Lair:2   | Acquired a manual of Dodging
 24476 | Spider:1 | Received a gift from Trog
 24608 | Spider:1 | Noticed Nikola
 24611 | Spider:1 | Noticed Louise
 24615 | Spider:1 | Noticed Donald
 24625 | Spider:1 | Killed Nikola
 24629 | Spider:1 | Killed Donald
 24641 | Spider:1 | Killed Louise
 24935 | Spider:2 | Reached XP level 17. HP: 115/115 MP: 18/18
 24961 | Spider:2 | Reached skill level 1 in Shields
 25302 | Spider:2 | Reached skill level 5 in Shields
 25536 | Spider:3 | Noticed Bai Suzhen
 25589 | Spider:2 | Received a gift from Trog
 25788 | Spider:2 | Killed Bai Suzhen
 26479 | Spider:3 | Noticed Jorgrun
 26579 | Spider:3 | Killed Jorgrun
 26812 | Spider:4 | Entered Level 4 of the Spider Nest
 27126 | Spider:4 | Noticed Mara
 27129 | Spider:4 | Noticed polve's illusion
 27205 | Spider:4 | Noticed polve's illusion
 27472 | Spider:4 | Noticed Arachne
 27481 | Spider:4 | Killed Arachne
 27481 | Spider:4 | Received a gift from Trog
 27555 | Spider:4 | Reached skill level 10 in Shields
 27674 | Spider:4 | Reached XP level 18. HP: 120/120 MP: 19/19
 27908 | Spider:4 | Noticed polve's illusion
 27912 | Spider:4 | Noticed polve's illusion
 27912 | Spider:4 | Killed Mara
 28335 | Spider:4 | HP: 6/120 [disintegration (37)]
 28708 | Spider:4 | Received a gift from Trog
 28805 | Spider:4 | Acquired a manual of Fighting
 29065 | Spider:4 | Got a gossamer rune of Zot
 29497 | Vaults:1 | Entered Level 1 of the Vaults
 29738 | Vaults:1 | Received a gift from Trog
 29944 | Vaults:1 | Reached XP level 19. HP: 102/125 MP: 20/20
 31043 | Swamp:1  | Entered Level 1 of the Swamp
 31351 | Swamp:1  | You are sucked into a shaft and drop 1 floor!
 31447 | Swamp:1  | Received a gift from Trog
 31591 | Swamp:1  | Reached skill level 15 in Shields
 31928 | Swamp:1  | Reached skill level 16 in Fighting
 32756 | Swamp:3  | Reached skill level 17 in Fighting
 32810 | Swamp:3  | Noticed a tentacled monstrosity
 32818 | Swamp:3  | Killed a tentacled monstrosity
 33028 | Swamp:3  | Reached skill level 18 in Fighting
 33053 | Swamp:3  | Received a gift from Trog
 33338 | Swamp:4  | Entered Level 4 of the Swamp
 33492 | Swamp:4  | Noticed a tentacled monstrosity
 33500 | Swamp:4  | Killed a tentacled monstrosity
 33735 | Swamp:4  | Reached skill level 19 in Fighting
 33774 | Swamp:4  | Reached XP level 20. HP: 98/139 MP: 21/21
 33933 | Swamp:4  | Paralysed by an ogre mage for 2 turns
 33976 | Swamp:4  | Got a decaying rune of Zot
 34625 | Elf:1    | Entered Level 1 of the Elven Halls
 34636 | Elf:1    | Received a gift from Trog
 34637 | Elf:1    | Reached skill level 20 in Fighting
 34734 | Elf:1    | Found the +6 shillelagh "Devastator" {shatter}
 35004 | Elf:1    | Noticed Kirke
 35025 | Elf:1    | Killed Kirke
 35134 | Elf:1    | Found Voyzxilu's General Store.
 35142 | Elf:1    | Paralysed by a floating eye for 4 turns
 35311 | Elf:1    | Found Paiseor's Distillery.
 35368 | Elf:1    | Received a gift from Trog
 35822 | Elf:2    | Reached skill level 21 in Fighting
 35929 | Elf:2    | Killed from afar by a deep elf zephyrmancer

Illustrated notes

Levels and vault maps discovered:
D:1:      dpeg_arrival_renting, layout_rooms, serial_shops,
          nicolae_shop_window_shopping, ebering_ecumenical_altar_hall,
          dk_noncrumbling_3
D:2:      layout_loops_ring
D:3:      layout_loops_ring, nicolae_uskayaw_dance_hall, amcnicky_altar_gilded,
          general_overflow_altar, chequers_temple_overflow_minitemple,
          serial_shops, nicolae_shop_statue_plus
D:4:      layout_loops_ring, lemuel_coloured_pillars_altar,
          eino_small_chamber_without_monster
D:5:      layout_rooms, lemuel_crystal_altar, minivault_1,
          corexii_item_surrounded_by_moat
D:6:      wad_pebble_path, layout_basic, kennysheep_mini, serial_glass,
          glass_columns_b, glass_columns_a, uniq_grinder
D:7:      nzn_winding_woodlands_cross [nzn_winding_woodlands_5x15_zeroes,
          nzn_winding_woodlands_5x15_garden,
          nzn_winding_woodlands_5x15_pathside_ponds,
          nzn_winding_woodlands_5x15_sawtooth,
          nzn_winding_woodlands_15x15_eel_pit], layout_basic,
          minmay_temple_entry_arrows, serial_glass, glass_columns_a,
          glass_columns_b
D:8:      layout_basic, nicolae_ashenzari_panopticon, lair_entry_dummy,
          hangedman_decor_lopped, uniq_joseph
D:9:      layout_cross, good_gods_mini_temple
D:10:     layout_layer_cave, orc_0_dummy, hangedman_decor_growths
D:11:     layout_irregular_city, serial_shops, shop, nicolae_shop_behind_doors,
          shop, nicolae_shop_statue_plus
D:12:     layout_irregular_city
D:13:     layout_basic, ximxim_vaults_locker_room, vehumet_statue, uniq_urug
D:14:     layout_loops_ring
D:15:     grunt_enter_depths_giant_problem, layout_basic, old_standard_altar,
          hex_tiny
Lair:1:   layout_loops_ring, nicolae_quartered_pool_super,
          grunt_forest_large_clearings
Lair:2:   layout_long_grid, spider_nest_entry_funnel_web, enter_volcano_4,
          grunt_megastairs_1
Lair:3:   layout_cave_shapes, minmay_swamp_entry_swarm
Lair:4:   layout_loops_ring, lemuel_fruit_tree
Lair:5:   layout_misc_corridors, minmay_slime_entry_pillars, lemuel_fruit_fields
Lair:6:   hangedman_lair_tendril_chambers, layout_cave_shapes,
          hangedman_lair_caniforms_friends, chequers_serial_rivers_room_a,
          serial_bayou_shore_b
Swamp:1:  nicolae_swamp_standing_stones, layout_basic_swamp,
          evilmike_swamp_ruin_house_5
Swamp:2:  layout_falls_marsh, nicolae_swamp_triple_paths
Swamp:3:  layout_basic_swamp, evilmike_swamp_ruin_rubble_2, swamp_pool5
Swamp:4:  nzn_swamp_witches_coven, layout_basic_swamp,
          infiniplex_staircase_pool_2
Spider:1: layout_spider_delve, drop_trap, uniq_nikola, uniq_donald, uniq_louise
Spider:2: layout_spider_delve
Spider:3: layout_spider_delve, uniq_jorgrun, uniq_bai_suzhen
Spider:4: floodkiller_spider_rune_tomb, uniq_mara, uniq_arachne
Orc:1:    layout_caves, basic_altar, elves_outpost_lemuel
Orc:2:    grunt_orc_community_town_hall, layout_diamond_mine,
          grunt_orc_community_big_house_1, grunt_orc_community_big_house_1,
          grunt_orc_community_house_2, grunt_orc_community_house_2,
          grunt_orc_community_house_3, grunt_orc_community_house_1,
          grunt_orc_community_house_2
Elf:1:    minmay_roctagon, layout_gridlike, serial_shops, shop_statue,
          nicolae_shop_waterfront, hangedman_corner_corridor, minivault_4,
          eino_tiny_chamber, kb_rosetta, uniq_kirke
Elf:2:    layout_loops_ring, lightli_enter_wizlab_magi_temple, laboratory
Vaults:1: vaults_room_large_hall, hangedman_vaults_nails, v_misc_19,
          v_alt_pattern_2, hangedman_vaults_slice, layout_vaults_big_room
Depths:1: layout_gridlike, abyss_entry, ebering_ghost_reflecting_pool,
          hell_entry, kennysheep_decorative_pillar,
          hangedman_abyss_or_decor_lesser_grid, bloody_trog, grunt_megastairs_4,
          infiniplex_staircase_pool_lava, serial_bayou_shore_b

Skill      XL: |  1  2  3  4  5  6  7  8  9 10 11 12 13 14 15 16 17 18 19 20 |
---------------+-------------------------------------------------------------+-----
Polearms       | 4 5 6 7 8 11 12 14 15 16 | 16.0
Fighting       | 6 8 9 12 13 15 19 21 | 21.2
Armour         | 4 7 8 11 15 | 15.0
Dodging        | 4 7 8 14 15 17 18 19 20 | 20.0
Shields        | 10 13 15 | 15.0

Action                   |  1- 3 |  4- 6 |  7- 9 | 10-12 | 13-15 | 16-18 | 19-21 || total
-------------------------+-------+-------+-------+-------+-------+-------+-------++-------
Melee: Spear             |    95 |   144 |    37 |       |       |       |       ||   276
       Peck              |    10 |    18 |    39 |   132 |   218 |   209 |   152 ||   778
       Kick              |    15 |    28 |    68 |   212 |   395 |   392 |   245 ||  1355
       Trident           |       |       |   170 |   635 |   335 |       |       ||  1140
       Halberd           |       |       |    27 |     4 |   175 |       |       ||   206
       Demon trident     |       |       |       |       |   622 |  1122 |   867 ||  2611
       Glaive            |       |       |       |       |    39 |     2 |       ||    41
       Unarmed           |       |       |       |       |       |       |    12 ||    12
Invok: Berserk           |     1 |     4 |    10 |    22 |    15 |    20 |     5 ||    77
       Trog's Hand       |       |       |       |     1 |       |     1 |       ||     2
       Brothers in Arms  |       |       |       |       |     1 |     3 |       ||     4
  Use: Potion            |       |       |     1 |     1 |       |     4 |       ||     6
       Scroll            |       |       |       |       |    21 |    12 |    11 ||    44
 Stab: Sleeping          |     3 |     2 |       |       |       |       |       ||     5
       Distracted        |     1 |       |       |       |       |     2 |     1 ||     4
       Held in net/web   |       |       |       |       |       |     1 |       ||     1
Armor: Animal skin       |     5 |       |       |       |       |       |       ||     5
       Leather armour    |     3 |     7 |     7 |    28 |       |       |       ||    45
       Ring mail         |       |       |    22 |    14 |       |       |       ||    36
       Plate armour      |       |       |       |   119 |   318 |   412 |    92 ||   941
Dodge: Dodged            |    43 |    58 |   156 |   471 |   575 |   746 |   274 ||  2323
Block: Kite shield       |       |       |       |       |       |   507 |   306 ||   813
       Reflection        |       |       |       |       |       |     6 |    53 ||    59

Table legend: (Time is in decaauts)
 A = Elapsed time spent in this place.
 B = Non-inter-level travel time spent in this place.
 C = Inter-level travel time spent in this place.
 D = Time resting spent in this place.
 E = Time spent auto-exploring this place.
 F = Levels seen in this place.
 G = Mean time per level.
                   A        B        C        D        E       F      G
               +--------+--------+--------+--------+--------+-----+--------+
         Total |  33050 |  29846 |   3204 |   1334 |  22107 |  36 |  918.1 |
       Dungeon |  14498 |  12724 |   1774 |    796 |  10185 |  15 |  966.5 |
          Lair |   6233 |   5428 |    805 |    181 |   3909 |   6 | 1038.8 |
         Swamp |   2990 |   2830 |    160 |      0 |   2251 |   4 |  747.5 |
   Spider Nest |   4537 |   4287 |    250 |    237 |   2713 |   4 | 1134.2 |
  Orcish Mines |   1791 |   1653 |    138 |     47 |   1075 |   2 |  895.5 |
   Elven Halls |   1170 |   1135 |     35 |      5 |    747 |   2 |  585.0 |
        Vaults |   1166 |   1126 |     40 |     21 |    838 |   1 | 1166.0 |
        Depths |    250 |    250 |      0 |      0 |    172 |   1 |  250.0 |
       Volcano |    411 |    411 |      0 |     42 |    213 |   1 |  411.0 |
               +--------+--------+--------+--------+--------+-----+--------+

Top non-repeatable levels by time:
Spider:4: 2202 daAuts
    D:10: 1524 daAuts
  Lair:6: 1285 daAuts
Spider:2: 1203 daAuts
   Orc:2: 1168 daAuts
Vaults:1: 1166 daAuts
    D:13: 1164 daAuts
     D:7: 1151 daAuts
     D:2: 1126 daAuts
  Lair:1: 1081 daAuts
   Elf:1: 1080 daAuts
     D:8: 1079 daAuts
  Lair:2: 1075 daAuts
     D:3: 1064 daAuts
  Lair:4: 1004 daAuts
